 Dungeon Crawl Stone Soup version 0.31-a0-536-ga3e2962e35 (webtiles) character file.

Game seed: 3433208855758144232

192 Ethylacetat the Ducker (level 5, -1/36 HPs)
             Began as an Octopode Gladiator on Aug 13, 2023.
             Slain by a goblin
             ... wielding a +0 club
              (3 damage)
             ... on level 2 of the Dungeon.
             The game lasted 00:01:14 (774 turns).

Ethylacetat the Ducker (Octopode Gladiator)          Turns: 774, Time: 00:01:15

Health: -1/36      AC:  1    Str: 13    XL:     5   Next: 71%
Magic:  0/7        EV: 14    Int: 11    God:
Gold:   38         SH:  0    Dex: 15    Spells: 7/7 levels left

rFire   . . .        a - +0 rapier
rCold   . . .        (no shield)
rNeg    . . .        b - +0 hat
rPois   .            e - amulet of guardian spirit
rElec   .            (no ring)
rCorr   .            (no ring)
SInv    .            (no ring)
Will    .....        (no ring)
Stlth   ++++         (no ring)
HPRegen 0.26/turn    (no ring)
MPRegen 0.10/turn    (no ring)
                     (no ring)

%: guardian spirit
@: lethally poisoned (-1 -> -2)
A: almost no armour, amphibious, 8 rings, camouflage 1, gelatinous body 1,
(nimble swimmer 1), tentacles
a: no special abilities


You were on level 2 of the Dungeon.
You visited 1 branch of the dungeon, and saw 2 of its levels.

You collected 38 gold pieces.

Inventory:

Hand Weapons
 a - a +0 rapier (weapon)
Missiles
 c - 5 throwing nets (quivered)
 d - 6 javelins
Armour
 b - a +0 hat (worn)
Jewellery
 e - an amulet of guardian spirit (around mantle)
Scrolls
 f - a scroll of vulnerability {unknown}
 h - a scroll of brand weapon {unknown}
 i - a scroll of poison {unknown}
 j - a scroll of identify {unknown}
Potions
 g - a potion of haste {unknown}
 k - a potion of might {unknown}


   Skills:
 + Level 3.4 Fighting
 - Level 3.0 Short Blades
 - Level 2.0 Throwing
 + Level 4.0 Dodging
 + Level 3.7 Stealth
 + Level 1.7 Spellcasting


You had 7 spell levels left.
You didn't know any spells.
Your spell library was empty.

Dungeon Overview and Level Annotations

Branches:
Dungeon (2/15)

Altars:


Innate Abilities, Weirdness & Mutations

You cannot wear most types of armour.
You are amphibious.
You can wear up to eight rings at the same time.
Your skin changes colour to match your surroundings (Stealth+).
Your rubbery body absorbs attacks. (AC +1, EV +1)
((You are camouflaged when in or above water. (Stealth+)))
You have tentacles for arms and can constrict up to eight enemies at once.


Message History

The ball python constricts you. The kobold barely misses you.
The adder bites you.
You are poisoned.
The adder poisons you! The ball python completely misses you.
The ball python constricts you.
You hit the ball python.
You kill the ball python!
You feel sick. The kobold hits you with a +0 club.
The kobold closely misses you. The adder barely misses you.
You are too injured to fight recklessly!
You are too injured to fight recklessly!
Unknown command.
Okay, then.
You miss the adder. You grab the adder.
The adder is heavily wounded.
You constrict the adder.
You feel sick. The adder misses you. The kobold barely misses you.
The hobgoblin closely misses you.
The kobold hits you with a +0 short sword.
The adder bites you.
You hit the adder.
You kill the adder!
You feel sick. The bat hits you but does no damage.
The kobold hits you but does no damage. The kobold misses you.
The hobgoblin barely misses you.
You closely miss the hobgoblin. You grab the hobgoblin.
You constrict the hobgoblin, but do no damage.
You feel sick. The bat closely misses you. The kobold closely misses you.
The kobold hits you with a +0 short sword.
* * * LOW HITPOINT WARNING * * *
The hobgoblin closely misses you. The bat misses you.
You hit the hobgoblin but do no damage. You constrict the hobgoblin.
You feel sick. The bat barely misses you. The bat completely misses you.
The hobgoblin misses you. The kobold closely misses you.
A goblin comes into view. It is wielding a +0 club.
The kobold hits you with a +0 short sword.
* * * LOW HITPOINT WARNING * * *
The hobgoblin completely misses you. The kobold hits you with a +0 club.
* * * LOW HITPOINT WARNING * * *
The kobold barely misses you. The goblin hits you with a +0 club.
You die...

#..## #..# ##..# #.##
##..## #.#
#.####....# #.#
#..##..##..## ..
#............. .#
#######..............
#
..................###
......g.#...##...##
...!b.K@##### #..#
......gK# #..#
........# #.#
#.#.#.### .# ......
#.#g#. .>.... .# #


You could see a hobgoblin, 2 goblins, a bat and 2 kobolds.

Vanquished Creatures
  Sigmund (D:2)
  2 adders (D:2)
  5 endoplasms (D:1)
  A giant cockroach (D:1)
  A goblin (D:1)
  3 hobgoblins
  2 quokkas (D:1)
  2 ball pythons
  3 bats
  A frilled lizard (D:1)
  2 kobolds
  4 rats
27 creatures vanquished.

Notes
Turn   | Place    | Note
-------+----------+-------------------------------------------
     0 | D:1      | Ethylacetat the Octopode Gladiator began the quest for the
                  | Orb.
     0 | D:1      | Reached XP level 1. HP: 14/14 MP: 1/1
   133 | D:1      | Reached skill level 1 in Stealth
   156 | D:1      | Reached XP level 2. HP: 15/19 MP: 2/2
   661 | D:2      | Reached XP level 3. HP: 25/25 MP: 3/3
   673 | D:2      | Noticed Sigmund
   680 | D:2      | Killed Sigmund
   681 | D:2      | Reached skill level 4 in Dodging
   681 | D:2      | Reached skill level 1 in Spellcasting
   681 | D:2      | Reached XP level 4. HP: 31/31 MP: 3/6
   681 | D:2      | Reached XP level 5. HP: 36/36 MP: 3/7
   774 | D:2      | Slain by a goblin

Illustrated notes

Levels and vault maps discovered:
D:1:      lightli_arrival_boilingwater, layout_loops_ring,
          hangedman_abyss_or_decor_lesser_grid, kennysheep_doodads
D:2:      layout_rooms, palyth_stone_intersect, st_stairs_11,
          ebering_dispersal_statue_hall, uniq_sigmund

Skill      XL: |  1  2  3 |
---------------+----------+-----
Stealth        | 1 2 3 |  3.7
Fighting       | 3 |  3.4
Dodging        | 4 |  4.0
Spellcasting   | 1 |  1.7
Short Blades   | |  3.0
Throwing       | |  2.0

Action                     |  1- 3 |  4- 6 || total
---------------------------+-------+-------++-------
  Melee: Rapier            |    34 |    14 ||    48
         Constrict         |     9 |     4 ||    13
         Tentacles         |     3 |       ||     3
         Punch             |     1 |       ||     1
   Stab: Sleeping          |    10 |       ||    10
 Armour: Skin              |     1 |     2 ||     3
  Dodge: Dodged            |    10 |    34 ||    44

Table legend: (Time is in decaauts)
 A = Elapsed time spent in this place.
 B = Non-inter-level travel time spent in this place.
 C = Inter-level travel time spent in this place.
 D = Time resting spent in this place.
 E = Time spent auto-exploring this place.
 F = Levels seen in this place.
 G = Mean time per level.
                   A        B        C        D        E       F      G
               +--------+--------+--------+--------+--------+-----+--------+
         Total |    775 |    761 |     14 |      0 |    593 |   2 |  387.5 |
       Dungeon |    775 |    761 |     14 |      0 |    593 |   2 |  387.5 |
               +--------+--------+--------+--------+--------+-----+--------+

Top non-repeatable levels by time:
     D:1: 598 daAuts
     D:2: 176 daAuts
